 Dungeon Crawl Stone Soup version 0.24.1-11-gbbbb2193e6 (webtiles) character file.

Game seed: 5013552804930910553, levelgen mode: deterministic

15494 CrazyMind the Unseen (level 12, -1/58 HPs)
             Began as a Spriggan Enchanter on May 13, 2020.
             Was an Elder of Dithmenos.
             Slain by a seven-headed hydra (13 damage)
             ... on level 2 of the Lair of Beasts on May 14, 2020.
             The game lasted 01:32:09 (14638 turns).

CrazyMind the Unseen (Spriggan Enchanter)          Turns: 14638, Time: 01:32:10

Health: -1/58      AC:  2    Str:  4    XL:     12   Next: 1%
Magic:  22/27      EV: 25    Int: 17    God:    Dithmenos [****..]
Gold:   914        SH:  7    Dex: 21    Spells: 19/31 levels left

rFire    . . .     SeeInvis +   a - +1 dagger
rCold    . . .     Gourm    .   J - +0 buckler (curse)
rNeg     . . .     Faith    .   b - +0 robe
rPois    .         Spirit   .   (helmet restricted)
rElec    .         Reflect  .   (no cloak)
rCorr    +         Harm     .   (gloves unavailable)
MR       +++..                  (boots unavailable)
Stlth    +++++++++.             t - amulet of regeneration
HPRegen  0.59/turn              T - ring of resist corrosion
MPRegen  0.20/turn              Q - ring of protection from magic

@: wreathed by umbra, very quick
A: very small, unfitting armour, see invisible, herbivore, speed 3, slow
metabolism 2
a: Shadow Step, Renounce Religion


You were on level 2 of the Lair of Beasts.
You worshipped Dithmenos.
Dithmenos was greatly pleased with you.
You were not hungry.

You visited 3 branches of the dungeon, and saw 12 of its levels.
You also visited: Sewer, Bailey and Volcano.

You collected 914 gold pieces.

Inventory:

Hand Weapons
 a - a +1 dagger (weapon)
 D - a +1 short sword of draining
 H - a +0 hunting sling
 N - the +8 trident of the Octopus King {venom, rElec rPois MR+}
   (You found it in a bailey)

   It poisons the flesh of those it strikes.
   It insulates you from electricity.
   It protects you from poison.
   It affects your resistance to hostile enchantments.
Missiles
 e - 120 sling bullets
 i - 247 stones
 r - 24 boomerangs
 x - 26 poisoned darts (quivered)
 K - 2 throwing nets
 M - 5 datura-tipped darts
Armour
 b - a +0 robe (worn)
 J - a cursed +0 buckler (worn)
Jewellery
 t - an amulet of regeneration (around neck)
 Q - a ring of protection from magic (right hand)
 T - a ring of resist corrosion (left hand)
Wands
 c - a wand of paralysis (8)
 B - a wand of clouds (3)
 E - a wand of disintegration (19)
 L - a wand of acid (4)
 S - a wand of enslavement (8)
 X - a wand of digging (7)
Scrolls
 g - 7 scrolls of remove curse
 l - 4 scrolls of teleportation
 o - a scroll of identify
 v - 3 scrolls of fog
 w - a scroll of blinking
 y - 3 scrolls of fear
 O - a scroll of noise {unknown}
 R - a scroll of vulnerability {unknown}
Potions
 f - 3 potions of heal wounds
 h - 2 potions of mutation {unknown}
 j - 3 potions of haste
 k - a potion of berserk rage {unknown}
 m - 3 potions of lignification {unknown}
 n - 4 potions of flight
 p - 4 potions of resistance
 q - 4 potions of might
 s - 5 potions of curing
 F - a potion of cancellation {unknown}
 G - 2 potions of agility {unknown}
 W - a potion of ambrosia {unknown}
Comestibles
 d - 13 rations


   Skills:
 * Level 4.2 Fighting
 + Level 8.0 Short Blades
 + Level 8.5 Dodging
 + Level 16.7 Stealth
 * Level 3.1 Shields
 + Level 10.1 Spellcasting
 + Level 10.2 Hexes


You had 19 spell levels left.
You knew the following spells:

 Your Spells              Type           Power        Failure   Level  Hunger
a - Tukima's Dance        Hex            #####...     1%          3    None
b - Ensorcelled Hibernat  Hex/Ice        ####..       1%          2    None
c - Confuse               Hex            #####...     1%          3    None
d - Dazzling Spray        Conj/Hex       ####..       4%          3    None
e - Confusing Touch       Hex            #####.       1%          1    None

Your spell library contained the following spells:

 Spells                   Type           Power        Failure   Level  Hunger
 Corona                   Hex            #####..      1%          1    None
 Animate Skeleton         Necr           N/A          11%         1    None
 Apportation              Tloc           #.....       11%         1    None
 Summon Small Mammal      Summ           #...         11%         1    None


Dungeon Overview and Level Annotations

Branches:
Dungeon (9/15)             Temple (1/1) D:4            Lair (2/6) D:9
  Sewer (visited)          Bailey (visited)         Volcano (visited)
  Swamp: Lair:2-4    Shoals: Lair:2-4     Snake: Lair:2-4    Spider: Lair:2-4
    Orc: D:9-12

Altars:
Ashenzari
Cheibriados
Dithmenos
Elyvilon
Fedhas
Gozag
Hepliaklqana
Kikubaaqudgha
Makhleb
Nemelex Xobeh
Okawaru
Qazlal
Ru
Sif Muna
Trog
Uskayaw
Vehumet
Wu Jian
Xom
Yredelemnul
Zin
The Shining One

Annotations:
D:5 Dowan, Duvessa
Lair:2 Gastronok


Innate Abilities, Weirdness & Mutations

You are very small and have problems with some larger weapons.
You are too small for most types of armour.
You have supernaturally acute eyesight. (SInv)
You are a herbivore.
You cover ground extremely quickly.
You need to consume almost no food.


Message History

You strike the helpless water moccasin from behind!
You perforate the water moccasin like a sieve!!!
You kill the water moccasin!
Dithmenos accepts your kill.
You climb downwards.
Level annotation: Gastronok The seven-headed hydra misses you.
The seven-headed hydra barely misses you.
The seven-headed hydra bites you!
You block the seven-headed hydra's attack.
The seven-headed hydra bites you. The seven-headed hydra bites you! x2
* * * LOW HITPOINT WARNING * * *
The seven-headed hydra misses you.
The seven-headed hydra closely misses you.
The seven-headed hydra completely misses you.
You block the seven-headed hydra's attack.
The seven-headed hydra completely misses you.
The seven-headed hydra closely misses you.
The seven-headed hydra bites you!
You die...

..........#...... .....
#####.Y.......... .........
#P.YY.....#### .... ..?. #
###...#....# ##.l. #..#.
#...##...## #...#
#..########..#.#..# #P..#
##...##.#P....####... ###...#
#.#......<...### ..## ##.....##
##....@....F..P###..#
#....#..###.#..D..###.....#.#.#
....#...P###.....## ##.......#
#.##..##....P#.###.......##
##.#.........P.##.รท......#
###...............F.....##
.###....#........[........##
......##.#....###.........#
......#####..## ##.#......####


You could see a seven-headed hydra and a blink frog (wandering).

Vanquished Creatures
  A two-headed ogre (D:9)
  A centaur warrior (Volcano)
  5 death yaks (D:8)
  A hell knight (Volcano)
  2 orc knights (Bailey)
  Joseph (D:7)
  2 molten gargoyles (Volcano)
  3 spiny frogs
  2 komodo dragons (Lair:2)
  A hornet (D:9)
  3 blink frogs (Lair:1)
  A spriggan (D:8)
  A yak (Lair:1)
  Eustachio (D:5)
  2 fire bats (Volcano)
  3 basilisks
  5 water moccasins
  4 porcupines (Lair:1)
  Purgy (Sewer)
  An ice beast (D:9)
  4 orc warriors (Bailey)
  3 sky beasts
  A black bear (D:7)
  7 ogres
  6 centaurs
  5 crocodiles
  Blork the orc (D:5)
  A gnoll sergeant (D:9)
  5 bullfrogs
  A water moccasin zombie (D:8)
  2 scorpions
  4 wights (D:9)
  A howler monkey (D:5)
  2 crimson imps
  7 lava snakes (Volcano)
  2 centaur zombies (D:8)
  2 bullfrog zombies
  4 hounds
  A quasit (D:6)
  2 jellies
  A bullfrog skeleton (D:8)
  5 orc priests
  8 orc wizards
  A centaur skeleton (D:6)
  3 iguanas
  12 worker ants
  2 hound skeletons
  A worker ant zombie (D:4)
  7 gnolls
  A howler monkey skeleton (D:4)
  7 adders
  A river rat (D:3)
  3 shadow imps
  2 oozes
  An adder skeleton (D:5)
  3 worms
  A dart slug (D:1)
  13 leopard geckos
  28 orcs
  4 ball pythons
  3 giant cockroaches
  12 hobgoblins
  7 jackals
  22 kobolds
  5 quokkas
  7 bats
  4 frilled lizards
  11 goblins
  A jackal skeleton (D:6)
  13 rats
291 creatures vanquished.

Vanquished Creatures (collateral kills)
  2 goblins (D:8)
2 creatures vanquished.

Vanquished Creatures (others)
  A human (D:8)
  4 fungi (Lair:2)
5 creatures vanquished.

Grand Total: 298 creatures vanquished

Notes
Turn   | Place    | Note
-------+----------+-------------------------------------------
     0 | D:1      | CrazyMind the Spriggan Enchanter began the quest for the
                  | Orb.
     0 | D:1      | Reached XP level 1. HP: 9/9 MP: 5/5
   467 | D:1      | Reached XP level 2. HP: 13/13 MP: 3/6
   471 | D:1      | Learned a level 2 spell: Ensorcelled Hibernation
   583 | D:1      | Reached skill level 5 in Stealth
  1155 | D:1      | Reached XP level 3. HP: 17/17 MP: 2/8
  1160 | D:1      | Learned a level 3 spell: Dazzling Spray
  2197 | D:2      | Found an ancient bone altar of Kikubaaqudgha.
  2750 | D:2      | Reached XP level 4. HP: 21/21 MP: 9/9
  2756 | D:2      | Learned a level 3 spell: Confuse
  3386 | D:3      | Reached skill level 6 in Stealth
  3725 | D:3      | Reached XP level 5. HP: 13/25 MP: 10/10
  3746 | D:3      | Found a glowing drain.
  3750 | Sewer    | Entered a sewer
  3919 | Sewer    | Noticed Purgy
  3924 | Sewer    | Killed Purgy
  3924 | Sewer    | Reached skill level 1 in Fighting
  3924 | Sewer    | Reached skill level 7 in Stealth
  4243 | D:4      | Reached XP level 6. HP: 30/30 MP: 8/11
  4398 | D:4      | Reached skill level 8 in Stealth
  4483 | D:4      | Found a staircase to the Ecumenical Temple.
  4489 | Temple   | Entered the Ecumenical Temple
  5216 | D:4      | Reached XP level 7. HP: 33/33 MP: 13/13
  5221 | D:4      | Learned a level 3 spell: Tukima's Dance
  5638 | D:5      | Entered Level 5 of the Dungeon
  5638 | D:5      | Noticed Blork the orc
  5641 | D:5      | Killed Blork the orc
  5641 | D:5      | Reached skill level 9 in Stealth
  5704 | D:5      | Noticed Eustachio
  5789 | D:5      | Reached skill level 5 in Hexes
  5929 | D:5      | Noticed Duvessa
  5929 | D:5      | Noticed Dowan
  5976 | D:5      | Killed Eustachio
  5976 | D:5      | Reached skill level 5 in Short Blades
  6169 | D:5      | Learned a level 1 spell: Confusing Touch
  6190 | D:5      | Reached skill level 10 in Stealth
  6190 | D:5      | Reached XP level 8. HP: 39/39 MP: 7/15
  6463 | D:6      | Reached skill level 5 in Spellcasting
  6578 | D:6      | Found a radiant altar of Vehumet.
  6578 | D:6      | Found a sacrificial altar of Ru.
  6578 | D:6      | Found a basalt altar of Yredelemnul.
  6578 | D:6      | Found a white marble altar of Elyvilon.
  6578 | D:6      | Found a shattered altar of Ashenzari.
  7117 | D:6      | Found a snail-covered altar of Cheibriados.
  7193 | D:6      | Reached skill level 11 in Stealth
  7767 | D:6      | Found a burning altar of Makhleb.
  7815 | D:7      | Noticed Joseph
  7818 | D:7      | Killed Joseph
  7818 | D:7      | Reached XP level 9. HP: 42/42 MP: 19/19
  7829 | D:7      | Found a glowing golden altar of the Shining One.
  7840 | D:7      | Found a shadowy altar of Dithmenos.
  7843 | D:7      | Became a worshipper of Dithmenos the Shadowed
  7936 | D:7      | Reached skill level 12 in Stealth
  7975 | D:7      | Reached skill level 5 in Dodging
  8391 | D:7      | Found a snail-covered altar of Cheibriados.
  8542 | D:8      | Found a flagged portal.
  8555 | Bailey   | Entered a bailey
  8797 | Bailey   | Noticed an orc knight
  8799 | Bailey   | Found the +8 trident of the Octopus King {venom, rElec
                  | rPois MR+}
  8799 | Bailey   | Noticed an orc knight
  8822 | Bailey   | Killed an orc knight
  8841 | Bailey   | Reached * piety under Dithmenos
  8847 | Bailey   | Killed an orc knight
  8847 | Bailey   | Reached skill level 13 in Stealth
  8851 | Bailey   | Reached XP level 10. HP: 46/46 MP: 1/22
  9315 | D:8      | Found an ornate altar of the Wu Jian Council.
  9344 | D:8      | Found an ancient bone altar of Kikubaaqudgha.
  9570 | D:8      | Found a burning altar of Makhleb.
  9947 | D:9      | Reached ** piety under Dithmenos
 10114 | D:9      | Found an opulent altar of Gozag.
 10259 | D:9      | Found a glowing golden altar of the Shining One.
 10358 | D:9      | Noticed a death yak
 10370 | D:9      | Noticed a death yak
 10372 | D:9      | Found a staircase to the Lair.
 10475 | D:8      | Killed a death yak
 10475 | D:8      | Reached skill level 14 in Stealth
 10586 | D:9      | Noticed a death yak
 10589 | D:9      | Noticed a death yak
 10626 | D:9      | Noticed a death yak
 10817 | D:8      | Killed a death yak
 10937 | D:8      | Killed a death yak
 11140 | D:8      | Killed a death yak
 11140 | D:8      | Reached skill level 15 in Stealth
 11140 | D:8      | Reached XP level 11. HP: 52/52 MP: 23/25
 11343 | D:8      | Killed a death yak
 11576 | D:9      | Found a bloodstained altar of Trog.
 11606 | D:9      | Noticed a two-headed ogre
 11766 | D:9      | Killed a two-headed ogre
 11766 | D:9      | Reached skill level 1 in Shields
 12021 | Lair:1   | Entered Level 1 of the Lair of Beasts
 12369 | Lair:1   | Reached *** piety under Dithmenos
 12532 | Lair:1   | Found a dark tunnel.
 12541 | Volcano  | Entered a volcano
 12884 | Volcano  | Found a radiant altar of Vehumet.
 12884 | Volcano  | Noticed a centaur warrior
 12908 | Volcano  | Killed a centaur warrior
 12983 | Volcano  | Noticed a hell knight
 12986 | Volcano  | Killed a hell knight
 12986 | Volcano  | Reached skill level 16 in Stealth
 13664 | Lair:2   | Reached skill level 10 in Hexes
 13716 | Lair:2   | Reached skill level 10 in Spellcasting
 13725 | Lair:2   | Noticed a seven-headed hydra
 13879 | Lair:2   | Noticed Gastronok
 14272 | Lair:1   | Reached **** piety under Dithmenos
 14603 | Lair:2   | Reached XP level 12. HP: 58/58 MP: 27/27
 14638 | Lair:2   | Slain by a seven-headed hydra

Levels and vault maps discovered:
D:1:      dpeg_arrival_round_c, layout_basic, serial_corexii_hall,
          corexii_hall_statues_t, chequers_hall_statues_wall_a
D:2:      layout_basic, kiku_gazebo_garden_becter, kennysheep_boxes
D:3:      layout_loops_ring, gup_sewer_entry_spiral
D:4:      layout_basic, minmay_temple_entry_hall, first_ration,
          minmay_close_crescents
D:5:      layout_loops_ring, uniq_blork_the_orc, uniq_eustachio, uniq_duvessa
D:6:      layout_loops_corners, lemuel_coloured_pillars_altar,
          grunt_temple_overflow_open, chei_slow_surprise
D:7:      layout_basic, kennysheep_mini, overflow_temple_1_default, basic_altar,
          uniq_joseph
D:8:      layout_cave_pools, lemuel_doored_altar, enter_bailey_7, basic_altar,
          the_bakery, tgw_kikubaaqudgha
D:9:      layout_basic, nicolae_gozag_seed_capital, lemuel_crystal_altar,
          lemuel_crystal_altar, dpeg_lair_monsters
Temple:   compressed_dpeg_triangle_lava_temple
Lair:1:   layout_regular_city, nicolae_volcano_entry_s_turn, grunt_megastairs_3
Lair:2:   layout_layer_cave, spider_nest_entry_funnel_web,
          portal_ice_cave_demonic_guard, disabler_island, uniq_gastronok

Skill      XL: |  1  2  3  4  5  6  7  8  9 10 11 |
---------------+----------------------------------+-----
Hexes          | 4 5 6 8 9 10 | 10.2
Stealth        | 5 6 7 8 10 11 13 15 16 | 16.7
Spellcasting   | 3 4 6 7 9 10 | 10.1
Short Blades   | 2 3 4 5 6 7 8 |  8.0
Fighting       | 1 2 3 4 |  4.2
Dodging        | 4 5 7 8 |  8.5
Shields        | 3 |  3.1

Action                   |  1- 3 |  4- 6 |  7- 9 | 10-12 || total
-------------------------+-------+-------+-------+-------++-------
Melee: Dagger            |   121 |    62 |   221 |   365 ||   769
       Short sword       |       |    45 |    17 |       ||    62
Throw: Dart              |       |       |       |    10 ||    10
       Boomerang         |       |       |       |     1 ||     1
 Cast: Corona            |    11 |       |       |       ||    11
       Ensorcelled Hiber |    22 |    19 |    58 |    16 ||   115
       Confuse           |       |     3 |    10 |    20 ||    33
       Confusing Touch   |       |       |    17 |    67 ||    84
       Tukima's Dance    |       |       |     2 |       ||     2
  Use: Scroll            |       |     6 |     7 |     4 ||    17
       Potion            |       |       |     2 |     6 ||     8
 Stab: Sleeping          |    30 |    27 |    51 |    41 ||   149
       Confused          |       |     3 |    14 |    66 ||    83
       Distracted        |       |       |     4 |     3 ||     7
  Eat: Ration            |       |     2 |     2 |     3 ||     7
Armor: Robe              |    14 |     5 |    11 |     8 ||    38
Dodge: Dodged            |   105 |    66 |   233 |   226 ||   630
Block: Buckler           |       |       |       |    23 ||    23
